 Dungeon Crawl Stone Soup version 0.29-a0-106-g0a07039d5a (webtiles) character file.

Game seed: 4956738581072905237

32 frimble the Chiller (level 3, -4/25 HPs)
             Began as a Gnoll Ice Elementalist on Feb 17, 2022.
             Slain by a goblin (6 damage)
             ... led by Robin
             ... on level 2 of the Dungeon.
             The game lasted 00:01:09 (1797 turns).

frimble the Chiller (Gnoll Ice Elementalist)        Turns: 1797, Time: 00:01:09

Health: -4/25      AC:  2    Str:  9    XL:     3   Next: 25%
Magic:  9/9        EV: 13    Int: 14    God:
Gold:   10         SH:  0    Dex: 12    Spells: 5/12 levels left

rFire   x . .      SeeInvis .   (no weapon)
rCold   + . .      Faith    .   (no shield)
rNeg    . . .      Spirit   .   a - +0 robe
rPois   .          Reflect  .   (no helmet)
rElec   .          Harm     .   (no cloak)
rCorr   .          Rampage  .   (no gloves)
Will    .....                   (no boots)
Stlth   ++........              (no amulet)
HPRegen 0.08/turn               c - ring of ice
MPRegen 0.11/turn               (no ring)

@: about to teleport
A: fangs 1, strong nose, distributed training
a: no special abilities


You were on level 2 of the Dungeon.
You visited 1 branch of the dungeon, and saw 2 of its levels.

You collected 10 gold pieces.

Inventory:

Armour
 a - a +0 robe (worn)
Jewellery
 c - a ring of ice (left hand)
Scrolls
 b - a scroll of teleportation
 d - 3 scrolls of identify {unknown}
 e - a scroll of enchant weapon {unknown}


   Skills:
 + Level 0.7 Fighting
 + Level 0.7 Short Blades
 + Level 0.7 Long Blades
 + Level 0.7 Axes
 + Level 0.7 Maces & Flails
 + Level 0.7 Polearms
 + Level 0.7 Staves
 + Level 0.7 Slings
 + Level 0.7 Bows
 + Level 0.7 Crossbows
 + Level 0.7 Throwing
 + Level 0.7 Armour
 + Level 4.5 Dodging
 + Level 4.1 Stealth
 + Level 0.7 Shields
 + Level 0.7 Unarmed Combat
 + Level 5.0 Spellcasting
 + Level 0.5 Conjurations
 + Level 0.5 Hexes
 + Level 0.5 Summonings
 + Level 0.5 Necromancy
 + Level 0.5 Translocations
 + Level 0.5 Transmutations
 + Level 0.5 Fire Magic
 + Level 7.1 Ice Magic
 + Level 0.5 Air Magic
 + Level 0.5 Earth Magic
 + Level 0.5 Poison Magic
 + Level 0.9 Invocations
 + Level 0.7 Evocations


You had 5 spell levels left.
You knew the following spells:

 Your Spells              Type           Power      Damage    Failure   Level
a - Freeze                Ice            100%       1d11      1%          1
b - Frozen Ramparts       Ice            70%        1d9       2%          3
c - Ozocubu's Armour      Ice            35%        N/A       2%          3

Your spell library contained the following spells:

 Spells                   Type           Power      Damage    Failure   Level
 Hailstorm                Conj/Ice       21%        3d6       36%         4


Dungeon Overview and Level Annotations

Branches:
Dungeon (2/15)

Altars:

Annotations:
D:2 Robin


Innate Abilities, Weirdness & Mutations

You have very sharp teeth.
Your uncanny sense of smell can sniff out nearby items.
Your experience applies equally to all skills.


Message History

The goblin moves out of view. 2 goblins come into view.
Found a stone staircase leading down.
The goblin shouts! x2; The frilled lizard hisses angrily.
You hear a shout! x2
Robin throws the goblin at you!
A goblin comes into view. It is wielding a +0 dagger.
You closely miss the goblin. The goblin barely misses you.
A goblin comes into view. It is wielding a +0 dagger.
The rat bites you but does no damage. Robin throws the goblin at you!
A goblin comes into view. It is wielding a +0 dagger.
You closely miss the goblin.
The goblin shouts!
You bite the goblin, but do no damage. The goblin hits you with a +0 dagger.
The goblin barely misses you. The rat bites you.
The goblin hits you with a +0 dagger.
Casting: Freeze (safe; 1% risk of failure)
Confirm with . or Enter, or press ? or * to list all spells.
You don't know that spell.
The goblin hits you with a +0 dagger.
A goblin comes into view. It is wielding a +0 dagger.
Robin throws the goblin at you! The goblin hits you but does no damage.
You closely miss the goblin. The goblin completely misses you.
Robin throws the goblin at you! The goblin barely misses you.
The goblin hits you with a +0 dagger.
* * * LOW HITPOINT WARNING * * *
You barely miss the goblin. Your bite misses the goblin.
The goblin hits you with a +0 dagger.
* * * LOW HITPOINT WARNING * * *
The goblin misses you. The goblin closely misses you.
The goblin hits you with a +0 club.
* * * LOW HITPOINT WARNING * * *
The goblin hits you but does no damage.
Okay, then.
As you read the scroll labelled AXAF YRAZO, it crumbles to dust.
You feel strangely unstable.
It was a scroll of teleportation.
The goblin hits you with a +0 dagger.
* * * LOW HITPOINT WARNING * * *
Robin roars a battlecry!
The goblin misses you. The goblin hits you with a +0 dagger.
You die... ##### #.gg# #.g@# #lgg#

∆ #.gr#
##..g#
#.<..#
#g.g.#
#....#
#....#
#<.####


You could see Robin, 8 goblins, a frilled lizard and a rat.

Vanquished Creatures
  6 endoplasms (D:1)
  A giant cockroach (D:1)
  2 hobgoblins (D:1)
  6 kobolds (D:1)
  3 quokkas (D:1)
  2 ball pythons (D:1)
  2 bats (D:1)
  3 frilled lizards (D:1)
  3 goblins (D:1)
  A rat (D:1)
29 creatures vanquished.

Notes
Turn   | Place    | Note
-------+----------+-------------------------------------------
     0 | D:1      | frimble the Gnoll Ice Elementalist began the quest for the
                  | Orb.
     0 | D:1      | Reached XP level 1. HP: 13/13 MP: 6/6
    62 | D:1      | Reached XP level 2. HP: 3/19 MP: 0/7
  1152 | D:1      | Reached XP level 3. HP: 24/25 MP: 7/9
  1182 | D:1      | Reached skill level 5 in Spellcasting
  1733 | D:1      | Learned a level 3 spell: Frozen Ramparts
  1737 | D:1      | Learned a level 3 spell: Ozocubu's Armour
  1785 | D:2      | Noticed Robin
  1797 | D:2      | Slain by a goblin

Illustrated notes

Levels and vault maps discovered:
D:1:      lemuel_arrival_tunnels, layout_basic, st_stairs_11
D:2:      layout_rooms, uniq_crazy_yiuf_cottage, uniq_jessica, uniq_robin,
          uniq_terence

Skill      XL: |  1  2  3 |
---------------+----------+-----
Spellcasting   | 5 |  5.0
Fighting       | |  0.7
Short Blades   | |  0.7
Long Blades    | |  0.7
Axes           | |  0.7
Maces & Flails | |  0.7
Polearms       | |  0.7
Staves         | |  0.7
Slings         | |  0.7
Bows           | |  0.7
Crossbows      | |  0.7
Throwing       | |  0.7
Armour         | |  0.7
Dodging        | |  4.5
Stealth        | |  4.1
Shields        | |  0.7
Unarmed Combat | |  0.7
Conjurations   | |  0.5
Hexes          | |  0.5
Summonings     | |  0.5
Necromancy     | |  0.5
Translocations | |  0.5
Transmutations | |  0.5
Fire Magic     | |  0.5
Ice Magic      | |  7.1
Air Magic      | |  0.5
Earth Magic    | |  0.5
Poison Magic   | |  0.5
Invocations    | |  0.9
Evocations     | |  0.7

Action                   || total
-------------------------++-------
Melee: Unarmed           ||    61
       Bite              ||     8
       Punch             ||     2
 Cast: Freeze            ||    29
  Use: Scroll            ||     1
 Stab: Sleeping          ||     3
Armor: Robe              ||    16
Dodge: Dodged            ||    68

Table legend: (Time is in decaauts)
 A = Elapsed time spent in this place.
 B = Non-inter-level travel time spent in this place.
 C = Inter-level travel time spent in this place.
 D = Time resting spent in this place.
 E = Time spent auto-exploring this place.
 F = Levels seen in this place.
 G = Mean time per level.
                   A        B        C        D        E       F      G
               +--------+--------+--------+--------+--------+-----+--------+
         Total |   1795 |   1748 |     47 |      0 |   1536 |   2 |  897.5 |
       Dungeon |   1795 |   1748 |     47 |      0 |   1536 |   2 |  897.5 |
               +--------+--------+--------+--------+--------+-----+--------+

Top non-repeatable levels by time:
     D:1: 1782 daAuts
     D:2: 12 daAuts
